woodfighter, chaotic female elven Rogue ----- ------------- |....########+.........`..################## |...| |...........| # |...-########+............ ### |...| ##--.---------- # ---|- ######## ### ----------- # # # # ##..........| # # ### #%# |..-----..| ### # # # #[..| |..| # # ### ###|..-----..| ### # # -------- # #|.........| --.-+--# ### |.......### ----------- |.....|% # |......| |.....|# ###-.------ |......| |.....|# #..^....| |....<.| |.....|# |I.i...| -------- --.....# |.)...?| ------ |.)<...| -------- woodfighter the Rogue Experience level: 6 Strength: 12 Dexterity: 16 Constitution: 13 Intelligence: 13 Wisdom: 18 Charisma: 6 Health: 0(43) Energy: 38(38) Def: 7 Gold: 145 Moves: 4677 Dungeon seed: F1LmQGs1ymwTtoQq Game ID: woodfighter_1516305079 Your Inventory: Coins $ - 145 gold pieces Amulets h - an uncursed amulet versus poison (being worn) Weapons a - a +0 elven short sword (weapon in hand) I - 10 +0 elven daggers (in quiver) Armor e - an uncursed +1 leather armor (being worn) n - an uncursed +0 mummy wrapping r - an uncursed +0 orcish helm (being worn) z - an uncursed +0 pair of high boots (being worn) N - an uncursed +0 cloak of displacement (being worn) Comestibles M - an uncursed food ration R - an uncursed lichen corpse Rings V - an uncursed ring of invisibility (on left hand) Wands O - a wand of make invisible (0:2) T - a wand of magic missile (0:5) Tools g - an uncursed blindfold y - an uncursed lock pick W - a magic marker (0:86) Spells and supernatural/magical abilities: Name Level Category Fail Memory W - pray for help -- divine ? -- Your skills at the end: Miscellaneous Skills wands [Basic] Weapon Skills dagger [Basic] short sword [Basic] Spellcasting Skills Final Attributes: You were piously aligned. You were sleep resistant. You were poison resistant. You were confused. Your writing hand was ok. You were telepathic. You had infravision. You were invisible. You were displaced. You were stealthy. You are dead. Vanquished creatures: an elf mummy a leprechaun a giant spider a housecat a gnome mummy 2 soldier ants a yellow light a rock piercer a violet fungus a gnome lord a gray ooze an elf zombie 2 floating eyes a kitten an iguana 3 hill orcs a rothe 2 jitterbugs 2 dwarf zombies 4 coyotes a hobbit 3 acid blobs a large kobold 2 geckos 3 giant rats 3 cave spiders a brown mold 3 yellow molds a green mold 19 garter snakes 3 jackals a fox 4 newts 2 goblins 5 sewer rats 8 grid bugs a bat 6 lichens a kobold zombie 97 creatures vanquished. Voluntary challenges: You did not cause conflict. You did not have reflection. You used a wielded weapon 140 times, starting on turn 3. You did not apply a unicorn horn. You did not use plumbed fixtures. You were illiterate. You never genocided any monsters. You never polymorphed an object. You never changed form. You used no wishes. You never split a pudding. You never wrote Elbereth's name. You never violated your personal moral code. Dungeon overview: The Dungeons of Doom: levels 1 to 8 Level 1 some fountains a long staircase Level 2 a scroll shop, a sink Level 3 a sink stairs to The Gnomish Mines Level 4 some fountains Level 5 Level 6 (stash) an altar to Mog, a sink Level 7 many fountains Level 8 (vault) <- You were here a long staircase The Gnomish Mines: Level 4 stairs to The Dungeons of Doom History has recorded: On T:1 you entered the Dungeons of Doom to retrieve the Amulet of Yendor! On T:150 you reached level 2 of The Dungeons of Doom. On T:484 you reached level 3 of The Dungeons of Doom. On T:620 you advanced to experience level 2. On T:1021 you advanced to experience level 3. On T:1027 you reached level 1 of The Gnomish Mines. On T:1195 you prayed to Kos. On T:1770 you reached level 4 of The Dungeons of Doom. On T:1944 you reached level 5 of The Dungeons of Doom. On T:2081 you advanced to experience level 4. On T:2576 you advanced to experience level 5. On T:2675 you reached level 6 of The Dungeons of Doom. On T:2780 you reached level 7 of The Dungeons of Doom. On T:3586 you reached level 8 of The Dungeons of Doom. On T:3763 you advanced to experience level 6. On T:4667 you prayed to Kos. Score breakdown: Gold: 145 ( 14 points) Experience: 6 levels ( 500 points) Exploration: 8 levels ( 210 points) Discoveries: 11 items ( 550 points) Variety of kills: 39 monsters ( 1950 points) Major goal: (nothing yet) ( 0 points) Survival: died (score multiplied by 3) Total score: 9672 Latest messages: The giant spider bites! The giant spider moves its spinnerets around you. The giant spider bites! The giant spider moves its spinnerets around you. You stab the giant spider. The tengu misses. The giant spider bites! The giant spider misses. The tengu pecks! The giant spider bites! The giant spider misses. The tengu pecks! Something misses. Something moves its spinnerets around you. You kill it! The tengu pecks! (2x) You stab the tengu! The tengu pecks! The tengu misses. Huh, What? Where am I? The tengu pecks! You die... Final status: Goodbye woodfighter the Rogue, killed by a tengu... You died in The Dungeons of Doom on dungeon level 8 with 9672 points, and 145 pieces of gold, after 4677 moves. You were level 6 with a maximum of 43 hit points when you died.